Map: Ephemeron LE

Players

Stephano - Winner!

  • Race: Zerg Zerg
  • Spawn Location: 11:00

BackupO

  • Race: Zerg Zerg
  • Spawn Location: 5:00

VOD

Have the link to the VOD?

Description

Time

  • Played on: Sept. 6, 2019, 12:34 p.m.
  • Length: 6:57
Show
View Real Time Build Order
Export as new Build Order

Stephano Zerg - Winner!

Build Orders: Hatch First 

Get SALT Encoding   

  12  0:00  Drone  
  13  0:12  Overlord  
  13  0:17  Drone  
  14  0:30  Drone x2  
  16  0:48  Hatchery  
  15  0:50  Drone  
  15  0:54  Drone  
  17  0:58  Drone  
  18  1:09  Extractor  
  17  1:13  Spawning Pool  
  17  1:16  Drone  
  17  1:20  Drone  
  18  1:29  Drone  
  19  1:39  Drone  
  20  1:49  Drone  
  21  1:56  Evolution Chamber  
  21  1:59  Queen  
  21  2:00  Zergling x2, Queen  
  25  2:03  Overlord  
  25  2:10  Drone  
  25  2:11  Drone  
  27  2:21  Drone  
  27  2:22  Zerg Melee Weapons Level 1  
  28  2:23  Drone  
  29  2:35  Queen  
  31  2:38  Overlord  
  31  2:46  Drone x3  
  31  2:49  Metabolic Boost  
  33  2:55  Drone  
  33  2:56  Drone  
  35  3:10  Hatchery  
  34  3:13  Drone x2  
  34  3:18  Drone  
  37  3:20  Zergling x4  
  37  3:22  Zergling x2  
  40  3:27  Overlord  
  40  3:35  Drone x3  
  43  3:45  Overlord  
  43  3:47  Drone x3  
  46  3:50  Drone x2  
  46  3:51  Drone x2  
  46  3:55  Extractor  
  49  3:56  Extractor  
  49  3:58  Roach Warren  
  47  4:03  Overlord  
  47  4:05  Zergling x2  
  48  4:15  Zergling x2  
  48  4:16  Zergling x6  
  52  4:20  Zergling x8  
  58  4:27  Zergling x2  
  58  4:28  Zergling x4  
  61  4:33  Overlord  
  61  4:34  Overlord  
  61  4:43  Roach x2  
  63  4:49  Roach x4  
  63  4:50  Roach  
  72  4:56  Roach x4  
  72  4:59  Roach  
  71  5:01  Roach  
  71  5:06  Roach  
  75  5:10  Roach x2  
  75  5:12  Roach  
  81  5:16  Overlord  
  81  5:22  Roach x2  
  85  5:32  Roach x3  
  85  5:34  Overlord  
  89  5:37  Overlord  
  89  5:40  Overlord  
  88  5:45  Roach  
  88  5:46  Roach  
  92  5:52  Zergling x4  
  92  5:54  Ravager  
  92  5:55  Ravager x2  
  98  5:57  Ravager  
  98  5:59  Zergling x4  
  98  6:03  Zergling x4  
  102  6:08  Zergling x2  
  102  6:09  Zergling x4  
  105  6:12  Zergling x4  
  104  6:27  Zergling x2  
  104  6:28  Zergling x14  
  109  6:36  Zergling x10  
  112  6:42  Ravager  
  112  6:43  Ravager  
  115  6:49  Ravager  
  115  6:50  Ravager x2  
Show
View Real Time Build Order
Export as new Build Order

BackupO Zerg 

Build Orders: Hatch First 

Get SALT Encoding   

  12  0:01  Drone  
  13  0:14  Overlord  
  13  0:17  Drone  
  14  0:32  Drone x2  
  16  0:50  Hatchery  
  16  0:53  Drone  
  16  0:56  Drone  
  17  1:00  Drone  
  18  1:10  Extractor  
  17  1:16  Spawning Pool  
  17  1:18  Drone  
  17  1:21  Drone  
  18  1:29  Drone  
  19  1:40  Drone  
  20  1:51  Drone  
  21  2:03  Queen x2  
  21  2:04  Zergling x4  
  27  2:12  Overlord  
  27  2:14  Drone  
  27  2:15  Metabolic Boost  
  28  2:31  Drone x2  
  28  2:34  Drone x2  
  32  2:43  Hatchery  
  30  2:49  Zergling x2  
  30  2:50  Zergling x2  
  32  2:56  Overlord  
  32  3:05  Drone  
  32  3:10  Baneling Nest  
  32  3:12  Drone x2  
  34  3:19  Drone x2  
  36  3:21  Queen  
  36  3:25  Overlord  
  38  3:27  Zergling x2  
  38  3:28  Zergling x2  
  39  3:43  Zergling x10  
  44  3:50  Zergling x2  
  44  3:51  Zergling x4  
  44  3:54  Baneling x4  
  47  4:02  Zergling x14  
  54  4:04  Baneling  
  54  4:10  Overlord  
  54  4:11  Drone  
  54  4:25  Evolution Chamber  
  54  4:26  Overlord  
  54  4:27  Drone x4  
  54  4:29  Lair  
  57  4:35  Zergling x6  
  60  4:43  Overlord  
  60  4:50  Roach Warren  
  56  4:57  Baneling  
  56  4:58  Baneling  
  53  5:00  Drone  
  53  5:01  Drone x8  
  53  5:04  Extractor  
  61  5:14  Extractor  
  60  5:23  Overlord x3  
  58  5:35  Roach x4  
  62  5:42  Overlord  
  61  5:44  Drone x3  
  61  5:45  Drone x4  
  68  5:57  Drone, Extractor  
  68  5:58  Drone x2  
  68  5:59  Drone  
  68  6:02  Drone  
  72  6:08  Roach x2  
  74  6:12  Roach x2  
  74  6:17  Roach x2  
  82  6:23  Roach  
  82  6:24  Roach x3  
  84  6:28  Roach  
  84  6:29  Roach  
  82  6:36  Roach Warren  
Tags
 
Add a new tag
Caveats
  • Supply blocks, unpowered buildings, or Contaminate may cause inaccurate times.
  • Supply counts are checked every 10 seconds.